 Dungeon Crawl Stone Soup version 0.32-a0-818-gb728d02 (webtiles) character file.

Game seed: 14659396158271139704

58 Meow the Conjurer (level 4, 36/36 HPs)
             Began as a Naga Conjurer on Mar 23, 2024.
             Quit the game on level 3 of the Dungeon.
             The game lasted 00:06:17 (1894 turns).

Meow the Conjurer (Naga Conjurer)                   Turns: 1894, Time: 00:06:17

Health: 36/36      AC:  3    Str:  9    XL:     4   Next: 1%
Magic:  4/8        EV:  8    Int: 20    God:
Gold:   73         SH:  0    Dex: 10    Spells: 3/9 levels left

rFire   . . .        a - staff of conjuration
rCold   . . .        (no shield)
rNeg    . . .        d - +0 robe
rPois   +            n - +0 helmet
rElec   .            c - scarf {repulsion}
rCorr   .            (no gloves)
SInv    +            (no barding)
Will    .....        (no amulet)
Stlth   ++           (no ring)
HPRegen 0.26/turn    (no ring)
MPRegen 0.11/turn

%: repel missiles
@: short of breath, very slow
A: AC +1, large, see invisible, deformed body, poison resistance, slowness 2,
spit poison 1, naga tail 1
a: Spit Poison


You were on level 3 of the Dungeon.
You visited 1 branch of the dungeon, and saw 3 of its levels.

You collected 73 gold pieces.

Inventory:

Hand Weapons
 e - a +0 hand axe
 i - a +0 mace
Armour
 c - a scarf of repulsion (worn)
 d - a +0 robe (worn)
 n - a +0 helmet (worn)
Magical Staves
 a - a staff of conjuration (weapon)
Wands
 o - a wand of digging (6)
Scrolls
 g - a scroll of enchant armour
 j - a scroll of poison
 m - a scroll of blinking {unknown}
 q - a scroll of torment {unknown}
 r - a scroll of fog {unknown}
 u - a scroll of teleportation {unknown}
Potions
 b - a potion of magic
 f - 2 potions of lignification {unknown}
 h - a potion of curing {unknown}
 l - 2 potions of attraction {unknown}
 p - a potion of enlightenment {unknown}
 s - a potion of heal wounds {unknown}
 t - a potion of brilliance {unknown}


   Skills:
 - Level 1.5 Dodging
 - Level 3.0 Stealth
 + Level 3.0 Spellcasting
 + Level 4.8 Conjurations


You had 3 spell levels left.
You knew the following spells:

 Your Spells              Type           Power      Damage    Failure   Level
a - Magic Dart            Conj           100%       1d8       1%          1
b - Searing Ray           Conj           66%        2d6       3%          2
A - Stone Arrow           Conj/Erth      38%        3d9       16%         3

Your spell library contained the following spells:

 Spells                   Type           Power      Damage    Failure   Level
 Sandblast                Erth           6%         2d5       14%         1
 Inner Flame              Hex/Fire       3%         N/A       38%         3
 Brom's Barrelling Bould  Conj/Erth      19%        2d4       45%         4
 Fulminant Prism          Conj/Alch      9%         3d7       45%         4
 Iskenderun's Mystic Bla  Conj/Tloc      19%        2d6       45%         4
 Dimensional Bullseye     Hex/Tloc       1%         N/A       80%         4
 Irradiate                Conj/Alch      9%         3d14      82%         5
 Borgnjor's Vile Clutch   Necr/Erth      1%         N/A       98%         5
 Ignition                 Fire           1%         3d3       100%        8


Dungeon Overview and Level Annotations

Branches:
Dungeon (3/15)

Altars:


Innate Abilities, Weirdness & Mutations

Your serpentine skin is tough. (AC +1)
You have supernaturally acute eyesight. (SInv)
Armour fits poorly on your strangely shaped body.
Your system is resistant to poisons. (rPois)
You cover ground very slowly.
You can spit poison.
You have a snake-like lower body.


Message History

Press: ? - help, Shift-Dir - straight line, f - dart slug
Aim: a dart slug (asleep, 100% to hit)
The splash of poison hits the dart slug.
The dart slug is poisoned.
The dart slug is severely wounded.
Unknown command.
Casting: Magic Dart (safe; 1% risk of failure)
Confirm with . or Enter, or press ? or * to list all spells.
Aiming: Searing Ray (safe; 3% risk of failure)
Press: ? - help, Shift-Dir - straight line, f/p - dart slug
Aim: a dart slug (almost dead, poisoned, 100% to hit)
You feel a surge of power!
The searing ray hits the dart slug.
You kill the dart slug! (Press . to maintain the ray.) Unknown command.
You start resting.
You have got your breath back.
You start resting.
Magic restored.
An orc comes into view. It is wielding a +0 club.
Aiming: Spit Poison (2% risk of failure)
Press: ? - help, Shift-Dir - straight line, f - orc
Aim: an orc, wielding a +0 club (asleep, 100% to hit)
The splash of poison hits the orc.
The orc is severely wounded.
The orc shouts!
Unknown command.
Casting: Searing Ray (safe; 3% risk of failure)
Confirm with . or Enter, or press ? or * to list all spells.
Aiming: Searing Ray (safe; 3% risk of failure)
Press: ? - help, Shift-Dir - straight line, f/p - orc
Aim: an orc, wielding a +0 club (severely wounded, 81% to hit)
You feel a surge of power!
The searing ray misses the orc. (Press . to maintain the ray.) Unknown command.
The searing ray hits the orc.
You kill the orc!
You have reached level 4!
You feel agile.
Are you sure you want to abandon this character and quit the game? (Confirm with "yes".)

#.. #.# #.#
#.# #.#
#.#####.####.#
#.....)......#
#@# #.# #.#
#.# #####.#
#.....#
#.##### #.#
#.#


There were no monsters in sight!

Vanquished Creatures
  A dart slug (D:3)
  6 orcs
  A ball python (D:2)
  6 endoplasms
  2 giant cockroaches
  5 hobgoblins
  4 jackals
  2 quokkas (D:1)
  4 bats
  2 frilled lizards (D:1)
  2 goblins
  5 kobolds
  2 rats
42 creatures vanquished.

Notes
Turn   | Place    | Note
-------+----------+-------------------------------------------
     0 | D:1      | Meow the Naga Conjurer began the quest for the Orb.
     0 | D:1      | Reached XP level 1. HP: 15/15 MP: 3/3
   184 | D:1      | Reached XP level 2. HP: 22/22 MP: 3/5
   188 | D:1      | Learned a level 2 spell: Searing Ray
   531 | D:1      | Found a faded altar of an unknown god.
   832 | D:1      | Reached XP level 3. HP: 28/28 MP: 6/6
   904 | D:1      | Learned a level 3 spell: Stone Arrow
  1360 | D:2      | Got the Elucidation of Fascinating Detritus
  1894 | D:3      | Reached XP level 4. HP: 36/36 MP: 4/8
  1894 | D:3      | Quit the game

Illustrated notes

Levels and vault maps discovered:
D:1:      dpeg_arrival_court, layout_basic, ebering_ecumenical_altar_ruins
D:2:      layout_basic, skrybe_limestone_x, minmay_ruptured
D:3:      layout_loops_ring, minmay_fountain_box

Skill      XL: |  1  2  3 |
---------------+----------+-----
Spellcasting   | 3 |  3.0
Dodging        | |  1.5
Stealth        | |  3.0
Conjurations   | |  4.8

Action                     |  1- 3 |  4- 6 || total
---------------------------+-------+-------++-------
  Melee: Staff             |     2 |       ||     2
   Cast: Magic Dart        |    36 |       ||    36
         Searing Ray       |     8 |       ||     8
Ability: Spit Poison       |    24 |       ||    24
    Use: Scroll            |     2 |       ||     2
 Armour: Robe              |     7 |       ||     7
  Dodge: Repelled          |     2 |       ||     2
         Dodged            |     1 |       ||     1

Table legend: (Time is in decaauts)
 A = Elapsed time spent in this place.
 B = Non-inter-level travel time spent in this place.
 C = Inter-level travel time spent in this place.
 D = Time resting spent in this place.
 E = Time spent auto-exploring this place.
 F = Levels seen in this place.
 G = Mean time per level.
                   A        B        C        D        E       F      G
               +--------+--------+--------+--------+--------+-----+--------+
         Total |   2401 |   2362 |     39 |    467 |   1633 |   3 |  800.3 |
       Dungeon |   2401 |   2362 |     39 |    467 |   1633 |   3 |  800.3 |
               +--------+--------+--------+--------+--------+-----+--------+

Top non-repeatable levels by time:
     D:1: 1189 daAuts
     D:2: 1163 daAuts
     D:3: 48 daAuts
